 Dungeon Crawl Stone Soup version 0.28.0-43-g3370ac3207 (webtiles) character file.

Game seed: 8740141056512350670

703386 joshe the Archmage (level 27, -7/134 HPs)
             Began as a Deep Elf Conjurer on Mar 28, 2022.
             Was an Initiate of Gozag.
             Mangled by a fire giant
             ... wielding a +2 great sword of flaming
              (13 damage)
             ... on level 2 of Gehenna on Apr 1, 2022.
             The game lasted 16:47:01 (124103 turns).

joshe the Archmage (Deep Elf Conjurer)            Turns: 124103, Time: 16:47:03

Health: -7/134     AC: 27    Str:  5    XL:     27
Magic:  56/56      EV: 16    Int: 59    God:    Gozag
Gold:   6275       SH:  9    Dex: 17    Spells: 2/80 levels left

rFire   + . .      SeeInvis .   S - staff of earth
rCold   + . .      Faith    .   p - +3 buckler {rF+}
rNeg    + + .      Spirit   .   l - +4 ring mail of Repulsion {Int+7 Slay+3}
rPois   .          Reflect  .   i - +2 hat "Qutuirirr" {Rampage rF+ rCorr}
rElec   .          Harm     .   R - +5 cloak "Yblur" {rN++}
rCorr   +          Rampage  +   k - +2 pair of gloves
Will    +++..      Rnd*Tele +   M - +2 pair of boots
Stlth   +++.......              r - amulet "Zaem" {RegenMP Will+ rCorr Str-2}
HPRegen 0.32/turn               Z - ring of Free Will {Str+5 Int+6 Dex+4}
MPRegen 0.75/turn               y - ring "Zemupie" {rC+ Int+6}

@: fire vulnerable, gold aura, hasted, studying 3 skills, unable to read, very
quick
A: horns 1, clever 1, frail 1, screaming 1, teleportitis 1, weak 1
}: 4/15 runes: barnacled, slimy, silver, gossamer
a: Renounce Religion, Potion Petition, Call Merchant, Bribe Branch


You were on level 2 of Gehenna.
You worshipped Gozag.
Gozag was greatly pleased with you.
You visited 15 branches of the dungeon, and saw 61 of its levels.
You visited 1 bazaar.
You also visited: Gauntlet, Ice Cave and Desolation.

You collected 36795 gold pieces.
You spent 11054 gold pieces at shops.
You paid 19466 gold pieces to Gozag.

Inventory:

Hand Weapons
 T - the +9 war axe of Geakk {venom, rElec rC++}
   (You found it on level 2 of the Elven Halls)

   It poisons the flesh of those it strikes.
   rC:        It greatly protects you from cold.
   rElec:     It insulates you from electricity.
Armour
 i - the +2 hat "Qutuirirr" (worn) {Rampage rF+ rCorr}
   (You found it on level 3 of the Elven Halls)

   rF:        It protects you from fire.
   rCorr:     It protects you from acid and corrosion.
   Rampage:   It bestows one free step when moving towards enemies.
 k - a +2 pair of gloves (worn)
 l - the +4 ring mail of Repulsion (worn) {Int+7 Slay+3}
   (You bought it in a shop in a bazaar)

   Int:       It affects your intelligence (+7).
   Slay:      It affects your accuracy & damage with ranged weapons and melee
   (+3).
 p - a +3 buckler of fire resistance (worn)
 M - a +2 pair of boots (worn)
 R - the +5 cloak "Yblur" (worn) {rN++}
   (You found it in a Gauntlet)

   rN:        It greatly protects you from negative energy.
Magical Staves
 s - a staff of conjuration
 S - a staff of earth (weapon)
Jewellery
 a - the ring of the Tortoise {AC+8}
   (You bought it in a shop on level 1 of the Realm of Zot)

   [ring of protection]

   AC:        It affects your AC (+8).
 r - the amulet "Zaem" (around neck) {RegenMP Will+ rCorr Str-2}
   (You found it in the Desolation of Salt)

   [amulet of magic regeneration]

   It increases your rate of magic regeneration.
   Str:       It affects your strength (-2).
   rCorr:     It protects you from acid and corrosion.
   Will:      It increases your willpower.
 w - a ring of resist corrosion
 y - the ring "Zemupie" (right hand) {rC+ Int+6}
   (You took it off a deep elf master archer on level 3 of the Elven Halls)

   [ring of intelligence]

   Int:       It affects your intelligence (+6).
   rC:        It protects you from cold.
 K - the ring of Okawaru's Generosity {rF+ Dex+3}
   (You found it on level 7 of the Dungeon)

   [ring of protection from fire]

   Dex:       It affects your dexterity (+3).
   rF:        It protects you from fire.
 Z - the ring of Free Will (left hand) {Str+5 Int+6 Dex+4}
   (You took it off a deep elf demonologist on level 3 of the Elven Halls)

   [ring of intelligence]

   Str:       It affects your strength (+5).
   Int:       It affects your intelligence (+6).
   Dex:       It affects your dexterity (+4).
Wands
 m - a wand of mindburst (10)
 n - a wand of iceblast (50)
 V - a wand of acid (15)
 X - a wand of digging (4)
Scrolls
 e - 13 scrolls of fear
 f - 22 scrolls of teleportation
 g - 11 scrolls of immolation
 q - 4 scrolls of blinking
 v - 2 scrolls of holy word
 x - 7 scrolls of summoning
 A - 6 scrolls of fog
 D - 3 scrolls of silence
 H - 5 scrolls of amnesia
 O - 13 scrolls of magic mapping
Potions
 b - a potion of might
 d - 26 potions of curing
 t - a potion of magic
 E - 3 potions of brilliance
 I - a potion of heal wounds
 N - 4 potions of ambrosia
 P - 5 potions of cancellation
 U - 2 potions of invisibility
Miscellaneous
 j - a phantom mirror
 C - a phial of floods
 F - a lightning rod (4/4)
 L - a box of beasts
 W - a condenser vane


   Skills:
 - Level 9.1 Fighting
 - Level 4.0 Staves
 - Level 11.0 Armour
 - Level 19.0 Dodging
 - Level 6.0 Stealth
 - Level 6.0 Shields
 O Level 27 Spellcasting
 - Level 26.0 Conjurations
 - Level 17.0 Hexes
 - Level 8.0 Summonings
 - Level 6.0 Translocations
 - Level 21.1 Fire Magic
 - Level 21.0 Ice Magic
 - Level 2.0 Air Magic
 + Level 23.7 Earth Magic
 - Level 2.0 Poison Magic
 - Level 3.0 Evocations


You had 2 spell levels left.
You knew the following spells:

 Your Spells              Type           Power      Damage    Failure   Level
a - Magic Dart            Conj           100%       1d8       0%          1
c - Fulminant Prism       Conj/Hex       73%        3d30      0%          4
d - Iskenderun's Mystic   Conj/Tloc      100%       2d19      0%          4
e - Ignition              Fire           73%        3d19      1%          8
f - Lee's Rapid Deconstr  Erth           89%        3d40*     0%          5
g - Iron Shot             Conj/Erth      90%        9d16      0%          6
i - Statue Form           Tmut/Erth      97%        N/A       1%          6
k - Orb of Destruction    Conj           78%        9d18      0%          7
l - Spellforged Servitor  Conj/Summ      68%        N/A       1%          7
m - Fireball              Conj/Fire      75%        3d28      0%          5
o - Iskenderun's Battles  Conj           100%       2d15      0%          5
p - Polar Vortex          Ice            72%        N/A       6%          9
s - Fire Storm            Conj/Fire      75%        8d19      2%          9
z - Blink                 Tloc           100%       N/A       1%          2

Your spell library contained the following spells:

 Spells                   Type           Power      Damage    Failure   Level
 Foxfire                  Conj/Fire      100%       2x1d9     0%          1
 Shock                    Conj/Air       100%       1d9       0%          1
 Ensorcelled Hibernation  Hex/Ice        100%       N/A       0%          2
 Passwall                 Tmut/Erth      100%       N/A       0%          2
 Scorch                   Fire           100%       2d10      0%          2
 Searing Ray              Conj           100%       2d8       0%          2
 Static Discharge         Conj/Air       100%       N/A       0%          2
 Apportation              Tloc           100%       N/A       1%          1
 Beastly Appendage        Tmut           100%       N/A       1%          1
 Corpse Rot               Necr/Air       100%       N/A       1%          2
 Poisonous Vapours        Pois/Air       100%       N/A       1%          2
 Sublimation of Blood     Necr           68%        N/A       1%          2
 Wereblood                Tmut           68%        N/A       1%          2
 Conjure Flame            Conj/Fire      100%       6-21      0%          3
 Dazzling Flash           Conj/Hex       100%       N/A       0%          3
 Inner Flame              Hex/Fire       100%       N/A       0%          3
 Portal Projectile        Hex/Tloc       100%       N/A       0%          3
 Summon Guardian Golem    Hex/Summ       100%       N/A       0%          3
 Tukima's Dance           Hex            100%       N/A       0%          3
 Animate Armour           Summ/Erth      100%       N/A       0%          4
 Cause Fear               Hex            68%        N/A       0%          4
 Flame Wave               Conj/Fire      100%       2d17      0%          4
 Hailstorm                Conj/Ice       100%       3d20      0%          4
 Leda's Liquefaction      Hex/Erth       85%        N/A       0%          4
 Sticky Flame             Conj/Fire      100%       2d11      0%          4
 Summon Ice Beast         Ice/Summ       100%       N/A       0%          4
 Freezing Cloud           Conj/Ice/Air   67%        6-21      0%          5
 Metabolic Englaciation   Hex/Ice        70%        N/A       0%          5
 Starburst                Conj/Fire      75%        6d19      0%          6
 Call Canine Familiar     Summ           100%       N/A       1%          3
 Gell's Gravitas          Tloc           100%       N/A       1%          3
 Ignite Poison            Fire/Tmut/Pois 100%       N/A       1%          3
 Lesser Beckoning         Tloc           100%       N/A       1%          3
 Spider Form              Tmut/Pois      75%        N/A       1%          3
 Swiftness                Air            80%        N/A       1%          3
 Teleport Other           Tloc           100%       N/A       1%          3
 Airstrike                Air            40%        N/A       1%          4
 Anguish                  Hex/Necr       55%        N/A       1%          4
 Ice Form                 Ice/Tmut       100%       N/A       1%          4
 Passage of Golubria      Tloc           100%       N/A       1%          4
 Petrify                  Tmut/Erth      100%       N/A       1%          4
 Summon Lightning Spire   Summ/Air       95%        N/A       1%          4
 Borgnjor's Vile Clutch   Necr/Erth      73%        N/A       1%          5
 Irradiate                Conj/Tmut      62%        3d34      1%          5
 Lightning Bolt           Conj/Air       63%        1d87      1%          5
 Manifold Assault         Tloc           100%       N/A       1%          5
 Summon Forest            Summ/Tloc      52%        N/A       1%          5
 Summon Mana Viper        Hex/Summ       100%       N/A       1%          5
 Yara's Violent Unravell  Hex/Tmut       55%        3d21      1%          5
 Conjure Ball Lightning   Conj/Air       63%        3x3d23    1%          6
 Simulacrum               Ice/Necr       58%        N/A       1%          6
 Summon Cactus Giant      Summ           54%        N/A       1%          6
 Enfeeble                 Hex            68%        N/A       1%          7
 Animate Dead             Necr           34%        N/A       3%          4
 Dispel Undead            Necr           68%        3d23      3%          4
 Dispersal                Tloc           50%        N/A       4%          6
 Alistair's Intoxication  Tmut/Pois      50%        N/A       6%          5
 Blade Hands              Tmut           34%        N/A       10%         5
 Excruciating Wounds      Necr           34%        N/A       10%         5
 Monstrous Menagerie      Summ           54%        N/A       11%         7
 Malign Gateway           Summ/Tloc      52%        N/A       17%         7
 Eringya's Noxious Bog    Tmut/Pois      37%        N/A       34%         6
 Death Channel            Necr           34%        N/A       47%         6
 Haunt                    Necr/Summ      45%        N/A       50%         7
 Summon Horrible Things   Summ           54%        N/A       65%         8
 Storm Form               Tmut/Air       37%        N/A       89%         7
 Borgnjor's Revivificati  Necr           34%        N/A       100%        8
 Infestation              Necr           34%        N/A       100%        8
 Maxwell's Capacitive Co  Air            40%        ∞         100%        8
 Necromutation            Tmut/Necr      34%        N/A       100%        8
 Death's Door             Necr           34%        N/A       100%        9


Dungeon Overview and Level Annotations

Branches:
Dungeon (15/15)            Temple (1/1) D:5            Lair (6/6) D:11
 Shoals (4/4) Lair:2       Spider (4/4) Lair:3        Slime (5/5) Lair:5
    Orc (2/2) D:12            Elf (3/3) Orc:2        Vaults (5/5) D:14
  Crypt (3/3) Vaults:3       Tomb (1/3) Crypt:3      Depths (4/4) D:15
   Hell (visited)             Dis (0/7) Hell            Geh (2/7) Hell
    Coc (0/7) Hell            Tar (0/7) Hell            Zot (5/5) Depths:4
  IceCv (visited)         Desolation (visited)      Gauntlet (visited)

Altars:
Ashenzari
Cheibriados
Dithmenos
Elyvilon
Fedhas
Gozag
Hepliaklqana
Kikubaaqudgha
Makhleb
Nemelex Xobeh
Okawaru
Qazlal
Ru
Sif Muna
Trog
Uskayaw
Vehumet
Wu Jian
Xom
Yredelemnul
Zin
The Shining One
Jiyva

Shops:
D:5 *   D:6 !(*!   D:7 ((*(   D:9 (   D:12 ([   Orc:2 (*[=   Elf:1 :
Elf:2 *::=   Elf:3 *   Spider:4 **   Zot:1 *??=   Depths:1 *?   Depths:2 (

Portals:
Hell: Depths:1 Depths:2 Depths:3 Depths:4
Abyss: Depths:2 Depths:3
Pandemonium: Depths:1 Depths:2
Ziggurat: Depths:2

Annotations:
D:11 exclusion: downstairs
Lair:5 exclusion: downstairs


Innate Abilities, Weirdness & Mutations

You have a pair of small horns on your head.
Your mind is acute. (Int +2)
You are frail. (-10% HP)
You occasionally shout uncontrollably at your foes.
You are occasionally teleported next to monsters.
You are weak. (Str -2)


Message History

* * * LOW HITPOINT WARNING * * *
The fire giant closely misses you.
You hear an angry squeal. x2; You hear a shout! [a] - 270 gold - heal wounds and berserk rage [b] - 231 gold - curing and magic [c] - 325 gold - heal wounds, curing and berserk rage Purchase which effect?
You feel better. Magic courses through your body.
The winds around you calm down. The searing wretch closely misses you.
You block the searing wretch's attack. The searing wretch misses you.
The Brimstone Fiend misses you.
The Brimstone Fiend hits you but does no damage. x2
A balrug comes into view. It is wielding a +1 demon whip of pain.
The fire giant hits you with a +2 great sword of flaming.
* * * LOW HITPOINT WARNING * * *
A hell hog comes into view.
The fire giant gestures at you while chanting.
The bolt of fire hits you! You resist.
* * * LOW HITPOINT WARNING * * *
You feel yourself speed up.
The searing wretch claws you but does no damage.
The searing wretch misses you.
The searing wretch bites you but does no damage.
The hell hog breathes fire at you.
The fireball explodes!
The fireball engulfs the searing wretch.
The searing wretch completely resists.
The fireball engulfs the fire giant.
The fire giant resists.
The fireball engulfs the Brimstone Fiend.
The Brimstone Fiend completely resists.
The fireball engulfs you! You resist.
* * * LOW HITPOINT WARNING * * *
The fireball engulfs the hell hog.
The hell hog completely resists.
The Brimstone Fiend closely misses you. The Brimstone Fiend barely misses you.
You block the Brimstone Fiend's attack.
The fire giant points at you and mumbles some strange words.
The bolt of fire hits the Brimstone Fiend.
The Brimstone Fiend completely resists.
The bolt of fire misses you.
The fire giant hits you with a +2 great sword of flaming!
You die...
Your body crumbles into a pile of gold.

#≈ ..≈≈..§≈§≈≈
#§§##.....§≈≈≈§
#§§#≈......≈≈≈≈
#§§§≈≈.....≈≈v≈
..C≈≈§§.§§....≈
..≈≈≈≈≈.§......
##§≈1..C§≈§..
#≈≈≈C@.≈≈§≈#
.§§≈≈##n##≈§§#
.≈≈ ##1h.## §§≈
. ##≈...§## §
#2......#
.'...∩...h.
≈≈.#..$....#§..
#≈≈##§...§##≈§§
#§ ##...## ≈≈


You could see a searing wretch, 2 Brimstone Fiends, 3 fire giants, a balrug, 2
hell hogs and a fire vortex.

Vanquished Creatures
  the Royal Jelly (Slime:5)
  An ancient lich (Crypt:2)
  4 dread liches
  9 orbs of fire
  A juggernaut (Depths:2)
  A royal mummy (Tomb:1)
  Boris (Depths:3)
  3 Killer Klowns (Zot:5)
  Bai Suzhen (Spider:4)
  The ghost of Ipusur the Conqueror, a veteran MiFi of Wu Jian (Depths:2)
  Margery (Vaults:5)
  A curse toe (Zot:5)
  Xtahua (Vaults:2)
  10 golden dragons
  Jory (Vaults:5)
  Geryon (Hell)
  2 doom hounds (Hell)
  2 bone dragons (Crypt:3)
  8 electric golems
  A hellephant (Geh:1)
  A walking crystal tome (Depths:3)
  18 tentacled monstrosities
  Jorgrun (Spider:2)
  Rupert (D:12)
  22 Orb Guardians (Zot:5)
  A searing wretch (Geh:2)
  4 titans
  5 liches
  Asterion (Spider:2)
  A walking divine tome (Depths:2)
  6 quicksilver dragons
  2 deep elf blademasters (Elf:3)
  2 deep elf master archers (Elf:3)
  4 ancient champions (Crypt:3)
  25 acid blobs
  6 death cobs
  Kirke (D:12)
  9 shadow dragons
  9 sphinxes
  Agnes (Elf:2)
  4 tengu reavers (Vaults:5)
  A revenant (Crypt:3)
  13 fire giants
  11 storm dragons
  Ilsuiw (Shoals:3)
  16 azure jellies
  10 draconian knights
  6 draconian monks
  4 deep elf sorcerers
  9 rockslimes
  4 iron dragons
  3 emperor scorpions
  3 imperial myrmidons (Desolation)
  9 draconian scorchers
  10 frost giants
  11 vault wardens
  The ghost of burt the Thaumaturge, a journeyman DrCj of Vehumet (Orc:1)
  3 orc warlords
  Aizul (Vaults:2)
  8 ghost moths
  4 balrugs
  5 draconian shifters
  2 curse skulls
  2 deep elf elementalists
  3 caustic shrike skeletons
  12 quicksilver oozes
  2 ghouls
  5 draconian stormcallers (Zot:3)
  2 spriggan defenders
  14 ironbound preservers
  10 very ugly things
  2 reapers
  5 vampire knights
  8 draconian annihilators
  3 ironbound thunderhulks
  A juggernaut skeleton (Crypt:3)
  4 war gargoyles
  12 stone giants
  A broodmother (Spider:2)
  3 deep elf demonologists (Elf:3)
  Nessos (D:12)
  10 green draconians
  2 lorocyprocas (Hell)
  16 black draconians
  Azrael (Elf:2)
  11 red draconians
  6 dire elephants
  The ghost of reversiblehash the Fighter, a journeyman MiFi of Gozag (Lair:3)
  10 deep elf annihilators
  11 purple draconians
  5 entropy weavers
  10 spark wasps
  6 white draconians
  21 yellow draconians
  A minotaur (Gauntlet)
  2 crystal guardians
  4 eidola
  11 merfolk impalers
  4 deep elf death magi
  6 yaktaur captains
  4 merfolk javelineers
  A green death (Depths:1)
  Josephine (D:12)
  3 ragged hierophants (Desolation)
  4 deep elf high priests
  3 blizzard demons
  15 jiangshi
  3 iron golems
  10 fire dragons
  4 mummy priests (Tomb:1)
  A rakshasa (D:14)
  A kraken zombie (Hell)
  13 ettins
  26 vault guards
  7 great orbs of eyes
  7 ice dragons
  Erolcha (D:12)
  A boulder beetle (shapeshifter) (Vaults:5)
  2 jorogumos (Spider:4)
  7 ironbound frosthearts
  The ghost of pkoi the Zephyrmancer, a journeyman DgAE (Lair:1)
  9 hydras
  7 servants of whispers (Desolation)
  2 catoblepae
  10 centaur warriors
  An alligator snapping turtle (Shoals:4)
  15 boulder beetles
  A hell beast (Depths:2)
  5 spriggan air magi
  3 merfolk avatars
  5 peacekeepers
  5 spriggan skeletons
  A stoker (Geh:1)
  An anaconda (Lair:2)
  A fenstrider witch skeleton (Crypt:1)
  A death knight (Crypt:2)
  6 deep troll shamans
  9 merfolk aquamancers
  13 death yaks
  7 two-headed ogres
  3 radroaches
  3 tengu warriors
  11 death scarabs (Tomb:1)
  2 satyrs
  8 hell hogs
  Urug (D:14)
  5 deep troll earth magi
  2 spriggan berserkers
  9 vampire magi
  3 orc high priests (Orc:2)
  A crystal echidna (Hell)
  3 shock serpents (Zot:2)
  11 deep elf knights
  4 hell knights
  58 skeletal warriors
  3 shadow wraiths
  4 sixfirhies
  A titan skeleton (Crypt:1)
  14 sun demons
  An entropy weaver zombie (Crypt:3)
  A golden dragon zombie (Depths:1)
  A storm dragon skeleton (Crypt:2)
  10 iron trolls
  12 sea snakes
  2 sun moths
  7 soul eaters
  A bog body (Crypt:3)
  51 deep trolls
  13 pharaoh ants
  3 anaconda zombies
  A steelbarb worm (shapeshifter) (Depths:2)
  A fire crab (Gauntlet)
  6 steelbarb worms
  9 flayed ghosts
  10 orb spiders
  4 glowing orange brains
  2 deep trolls (shapeshifter)
  An orange crystal statue (Hell)
  18 ironbound convokers
  10 harpies
  2 obsidian statues
  11 necromancers
  5 lindwurms
  13 deep elf archers
  2 anaconda skeletons (Crypt:1)
  14 phantasmal warriors
  20 orc knights
  10 wizards
  23 deep elf zephyrmancers
  7 oklob plants
  25 deep elf pyromancers
  5 orc sorcerers
  23 wolf spiders
  42 ugly things
  11 manticores
  12 shining eyes
  A sphinx skeleton (Vaults:3)
  2 fire giant zombies
  31 moths of wrath
  91 slime creatures
  6 cyclopes
  9 fauns (Shoals:1)
  3 guardian serpents (Desolation)
  An iron dragon skeleton (Crypt:3)
  A stone giant skeleton (Crypt:3)
  17 vault sentinels
  5 water nymphs
  3 ice statues
  4 black mambas
  8 merfolk sirens
  A rust devil (Depths:3)
  4 molten gargoyles (Hell)
  9 torpor snails
  13 elephants
  6 eyes of devastation
  A gargoyle (D:7)
  2 orange demons (Depths:1)
  5 smoke demons
  14 cane toads
  2 unseen horrors
  2 dire elephant skeletons
  A white draconian zombie (Crypt:2)
  2 alligator snapping turtle skeletons
  2 sea snake zombies (Hell)
  A yaktaur (shapeshifter) (D:13)
  A kobold demonologist (D:12)
  11 demonic crawlers
  2 yaktaur zombies (Vaults:3)
  9 freezing wraiths
  5 rime drakes
  An ice devil (Hell)
  19 yaktaurs
  An anaconda simulacrum (Hell)
  3 tormentors
  2 tengu conjurers
  A hellwing (Depths:1)
  9 komodo dragons
  A harpy zombie (Crypt:3)
  A minotaur skeleton (Crypt:1)
  7 guardian mummies (Tomb:1)
  24 merfolk
  3 red devils
  2 polar bears (shapeshifter)
  11 polar bears
  A sea snake skeleton (Hell)
  A queen bee (Gauntlet)
  5 trolls
  A hydra skeleton (Crypt:3)
  8 harpy skeletons
  2 hornets
  20 blink frogs
  16 meliai
  21 tarantellas
  8 wind drakes
  A deep troll zombie (Vaults:3)
  4 tyrant leeches (Spider:3)
  43 saltlings (Desolation)
  2 raiju (Zot:2)
  34 jumping spiders
  7 dream sheep
  A satyr zombie (Crypt:2)
  6 snapping turtles
  A stone giant simulacrum (Depths:1)
  A meliai zombie (Crypt:2)
  5 air elementals
  A black mamba zombie (Crypt:3)
  34 culicivoras
  17 flying skulls
  2 black mamba skeletons
  A shadow (D:12)
  10 water elementals
  2 ynoxinuls
  2 ushabtiu (Tomb:1)
  12 wraiths
  2 vampires (D:10)
  3 hogs (D:12)
  2 fire bats (Gauntlet)
  7 wyverns
  6 ettin skeletons
  A hog (shapeshifter) (Vaults:5)
  74 yaks
  A basilisk (shapeshifter) (Elf:1)
  41 redbacks
  An alligator snapping turtle simulacrum (Hell)
  3 golden eyes (Slime:4)
  5 basilisks
  9 fire elementals
  16 humans (D:14)
  2 neqoxecs
  2 elf simulacra
  A sea snake simulacrum (Hell)
  7 vampire mosquitoes
  2 steam dragons
  A harpy simulacrum (Hell)
  7 wargs
  6 hell hounds
  9 water moccasins
  A demonspawn skeleton (Crypt:1)
  A faun skeleton (Crypt:1)
  2 floating eyes
  5 acid dragons
  2 ice beasts
  17 orc warriors
  2 naga skeletons (Crypt:3)
  2 sky beasts
  A necrophage (D:6)
  A black bear (Lair:2)
  2 ogres (Orc:2)
  An ettin simulacrum (Vaults:4)
  A swamp dragon zombie (Crypt:2)
  3 boggarts (Vaults:1)
  5 centaurs (D:13)
  38 wolves
  A swamp dragon skeleton (Hell)
  2 phantoms
  An elf zombie (Crypt:1)
  12 kobold brigands
  A bullfrog (shapeshifter) (Vaults:5)
  18 bullfrogs
  2 earth elementals
  Blork the orc (D:4)
  3 wyvern zombies
  A gnoll sergeant (D:6)
  2 scorpions (Lair:2)
  An elf skeleton (Crypt:1)
  13 killer bees
  A polar bear zombie (Crypt:2)
  2 howler monkeys (D:9)
  A troll skeleton (Crypt:1)
  7 wights
  5 electric eels
  14 jellies
  A black bear zombie (Crypt:2)
  6 centaur zombies
  4 hounds
  8 orc priests
  A bullfrog skeleton (D:6)
  2 centaur skeletons
  3 iguanas
  An iron imp (D:10)
  A basilisk skeleton (Crypt:1)
  20 orc wizards
  10 hell rats
  5 lightning spires (Zot:2)
  2 killer bee zombies
  A dwarf zombie (Crypt:1)
  5 mummies
  2 howler monkey zombies
  3 gnolls (D:6)
  8 adders
  2 shadow imps (D:12)
  14 white imps
  2 ufetubi (D:4)
  An iguana zombie (Crypt:2)
  An adder skeleton (D:4)
  A dart slug (D:3)
  35 orcs
  10 ball pythons
  A bat skeleton (Crypt:3)
  8 endoplasms
  4 giant cockroaches
  10 goblins
  10 hobgoblins
  8 jackals
  2 quokkas
  7 bats
  4 frilled lizards
  A hobgoblin skeleton (Crypt:2)
  48 kobolds
  6 kobold skeletons (D:12)
  5 kobold zombies (D:12)
  5 rats
  A bush (Lair:6)
  30 fire vortices
  15 fulminant prisms
  A tentacle (Hell)
2614 creatures vanquished.

Vanquished Creatures (collateral kills)
  The ghost of joshe the Slayer, a master OgTm of Gozag (Zot:1)
  A dread lich (Zot:5)
  Mara (Depths:1)
  A curse toe (Zot:4)
  A Killer Klown (Zot:4)
  Nikola (Shoals:4)
  4 golden dragons
  3 Orb Guardians (Zot:5)
  3 electric golems
  4 tentacled monstrosities
  3 liches
  3 quicksilver dragons
  A titan (Depths:2)
  6 acid blobs
  3 ancient champions
  5 storm dragons
  A death cob (Zot:1)
  A draconian monk (Zot:2)
  4 sphinxes (Tomb:1)
  2 tengu reavers
  2 shadow dragons
  A rockslime (Zot:1)
  3 azure jellies
  A fire giant (Vaults:4)
  2 vault wardens
  2 orc warlords
  A draconian scorcher (Zot:1)
  A balrug (Depths:1)
  3 frost giants
  An imperial myrmidon (Desolation)
  A deep elf elementalist (Elf:3)
  2 ironbound preservers
  4 stone giants (Depths:2)
  9 very ugly things
  2 ironbound thunderhulks
  A deep elf demonologist (Elf:3)
  4 black draconians
  2 yellow draconians (Zot:1)
  A spark wasp (Depths:1)
  A red draconian (Zot:4)
  A deep elf annihilator (Elf:3)
  A dire elephant (Vaults:1)
  A white draconian (Zot:5)
  A crystal guardian (Desolation)
  A purple draconian (Zot:3)
  The ghost of pkoi the Martial Artist, a journeyman DgGl (Lair:3)
  2 mummy priests (Tomb:1)
  3 merfolk impalers
  An eidolon (Crypt:2)
  2 yaktaur captains (Vaults:1)
  3 jiangshi
  3 great orbs of eyes
  3 ragged hierophants (Desolation)
  2 ice dragons
  A peacekeeper (Desolation)
  A servant of whispers (Desolation)
  An anaconda (Lair:2)
  A spriggan zombie (Crypt:3)
  A death knight (Crypt:1)
  2 alligator snapping turtles
  A spriggan skeleton (Crypt:1)
  A tengu warrior (Depths:2)
  3 death scarabs (Tomb:1)
  2 vampire magi
  A soul eater (Crypt:3)
  A storm dragon zombie (Depths:1)
  3 hell knights
  2 deep elf knights (Elf:2)
  16 skeletal warriors
  5 deep trolls
  An iron troll (Depths:1)
  3 sea snakes
  A spark wasp zombie (Crypt:3)
  A deep elf archer (Elf:3)
  A golden dragon skeleton (Crypt:3)
  A glowing orange brain (Depths:2)
  2 lindwurms (Vaults:1)
  2 deep elf zephyrmancers (Elf:2)
  2 anaconda skeletons (Crypt:1)
  3 orc knights
  A cyclops (Shoals:3)
  4 manticores
  6 ugly things
  2 shining eyes
  2 iron dragon skeletons
  3 moths of wrath
  A sphinx skeleton (Depths:1)
  A stone giant skeleton (Crypt:1)
  2 guardian serpents (Desolation)
  2 merfolk sirens
  2 vault sentinels
  A water nymph (Shoals:3)
  A centaur skeleton (Crypt:3)
  A hellion (Depths:1)
  A dire elephant skeleton (Crypt:1)
  A yaktaur (Vaults:3)
  An ice devil (Depths:2)
  A harpy zombie (Crypt:1)
  A yaktaur skeleton (Vaults:3)
  2 guardian mummies (Tomb:1)
  16 merfolk
  An iron troll skeleton (Crypt:1)
  2 wind drakes (Shoals:3)
  10 saltlings (Desolation)
  A raiju (Zot:2)
  27 slime creatures
  A snapping turtle (Shoals:3)
  2 flying skulls (Crypt:1)
  A fire dragon skeleton (Crypt:1)
  2 wraiths (Crypt:1)
  A water elemental (Shoals:3)
  A fire elemental (Elf:3)
  A naga zombie (Crypt:1)
  A faun skeleton (Crypt:3)
  2 naga skeletons (Crypt:1)
  An orc warrior (Vaults:5)
  A floating eye (Depths:2)
  An alligator simulacrum (Hell)
  2 necrophages (Crypt:3)
  A water moccasin zombie (Crypt:1)
  An earth elemental (Elf:2)
  2 jellies (Zot:1)
  A mummy (Tomb:1)
  A fire vortex (Zot:4)
293 creatures vanquished.

Vanquished Creatures (others)
  A deep elf elementalist (Elf:3)
  A quicksilver ooze (Slime:5)
  A black draconian (Zot:4)
  A stone giant (Depths:1)
  A yaktaur captain (Vaults:4)
  24 dancing weapons
  2 deep elf knights (Elf:2)
  A sea snake (Shoals:4)
  A deep elf archer (Elf:2)
  A moth of wrath (Zot:2)
  A wind drake (Shoals:4)
  2 slime creatures (D:12)
  A water elemental (Shoals:4)
  3 humans (D:12)
  A kobold brigand (D:12)
  An orc priest (Orc:2)
  An orc wizard (Orc:2)
  4 kobolds (D:12)
  3 kobold skeletons (D:12)
  4 kobold zombies (D:12)
  5 ball lightnings (Zot:2)
  A bush (Lair:2)
  A creeping inferno (Geh:1)
  102 fire vortices
  840 fulminant prisms
  55 fungi
  161 plants
  7 tentacles (Hell)
1227 creatures vanquished.

Grand Total: 4134 creatures vanquished

Notes
Turn   | Place    | Note
-------+----------+-------------------------------------------
     0 | D:1      | joshe the Deep Elf Conjurer began the quest for the Orb.
     0 | D:1      | Reached XP level 1. HP: 10/10 MP: 6/6
   427 | D:1      | Reached XP level 2. HP: 14/15 MP: 4/8
   436 | D:1      | Learned a level 2 spell: Searing Ray
   470 | D:1      | Reached skill level 5 in Conjurations
  1219 | D:1      | Reached skill level 4 in Spellcasting
  1390 | D:2      | Reached XP level 3. HP: 19/19 MP: 7/10
  1962 | D:2      | Found a faded altar of an unknown god.
  2125 | D:2      | Found a shimmering blue altar of Sif Muna.
  2165 | D:2      | Reached XP level 4. HP: 24/24 MP: 6/12
  2170 | D:2      | Learned a level 4 spell: Fulminant Prism
  2757 | D:3      | Reached skill level 1 in Hexes
  3486 | D:4      | Reached XP level 5. HP: 28/28 MP: 6/13
  3980 | D:4      | Noticed a phantom
  3989 | D:4      | Killed a phantom
  4095 | D:4      | Reached XP level 6. HP: 32/32 MP: 8/14
  4512 | D:4      | Noticed Blork the orc
  4516 | D:4      | Killed Blork the orc
  4591 | D:5      | Entered Level 5 of the Dungeon
  4713 | D:5      | Reached skill level 5 in Hexes
  4729 | D:5      | Noticed a steam dragon
  5098 | D:5      | Killed a steam dragon
  5098 | D:5      | HP: 1/32 [something (10)]
  5099 | D:5      | Reached skill level 5 in Spellcasting
  5425 | D:5      | Reached XP level 7. HP: 36/36 MP: 10/16
  5833 | D:5      | Found Vaniemej's Neck Hole.
  5838 | D:5      | Found a staircase to the Ecumenical Temple.
  5896 | Temple   | Entered the Ecumenical Temple
  6078 | Temple   | Became a worshipper of Gozag Ym Sagoz the Greedy
  7177 | D:6      | Learned a level 4 spell: Iskenderun's Mystic Blast
  7264 | D:6      | Found Uskiukyn's Distillery.
  7267 | D:6      | Bought a potion of flight for 42 gold pieces
  7267 | D:6      | Bought a potion of lignification for 42 gold pieces
  7297 | D:6      | Reached skill level 6 in Spellcasting
  7297 | D:6      | Reached skill level 1 in Translocations
  7378 | D:6      | Found Judot's Antique Weapon Emporium.
  7551 | D:6      | Reached XP level 8. HP: 41/41 MP: 5/19
  7704 | D:6      | Found Cimoem's General Store.
  7743 | D:6      | Found Dawuomu's Distillery.
  7757 | D:6      | Reached skill level 7 in Spellcasting
  7777 | D:6      | Bought a potion of heal wounds for 75 gold pieces
  7777 | D:6      | Bought a potion of degeneration for 15 gold pieces
  7834 | D:6      | You fall into a shaft and drop 2 floors!
  7864 | D:7      | Found Eraschi's Weapon Emporium.
  7870 | D:7      | Found Joug's Weapon Shoppe.
  8131 | D:7      | Found Hucvuggi's Antique Weapon Shop.
  8322 | D:7      | Reached skill level 8 in Spellcasting
  8834 | D:5      | Bought a +2 cloak for 231 gold pieces
  8911 | D:7      | Found a shimmering altar of Xom.
  8931 | D:7      | Found a large runed translucent door.
  8931 | D:7      | Found a large runed translucent door.
  8954 | D:7      | Found a radiant altar of Vehumet.
  9117 | D:7      | Learned a level 2 spell: Blink
  9187 | D:7      | Noticed a gargoyle
  9232 | D:7      | Found a large runed translucent door.
  9232 | D:7      | Found a large runed translucent door.
  9282 | D:7      | Reached XP level 9. HP: 45/45 MP: 5/23
  9415 | D:7      | Reached skill level 9 in Spellcasting
  9977 | D:6      | Killed an unseen horror
 10112 | D:7      | Identified the ring of Okawaru's Generosity {rF+ Dex+3}
 10201 | D:7      | Found Wyno's General Store.
 10213 | D:7      | Bought a scroll of identify for 28 gold pieces
 10640 | D:8      | Reached skill level 10 in Spellcasting
 10733 | D:8      | Noticed a troll
 10738 | D:8      | Reached skill level 10 in Hexes
 11082 | D:8      | Found a sacrificial altar of Ru.
 11311 | D:8      | Found a shadowy altar of Dithmenos.
 11493 | D:8      | Reached skill level 11 in Spellcasting
 11496 | D:8      | Killed a troll
 11637 | D:8      | Identified the +5 broad axe "Gunopnic" {vorpal, Dex+6}
 11944 | D:9      | Noticed a two-headed ogre
 11961 | D:9      | Killed a two-headed ogre
 11962 | D:9      | Reached XP level 10. HP: 50/50 MP: 13/27
 12221 | D:9      | Reached skill level 12 in Spellcasting
 12514 | D:9      | Reached skill level 10 in Conjurations
 12838 | D:9      | Found Igrulez's Weapon Shop.
 12958 | D:6      | Bought a scroll of silence for 82 gold pieces
 12958 | D:6      | Bought a scroll of identify for 22 gold pieces
 12972 | D:6      | Bought a potion of mutation for 120 gold pieces
 13576 | D:9      | Noticed an ice dragon
 13621 | D:9      | Killed an ice dragon
 13894 | D:10     | Entered Level 10 of the Dungeon
 14015 | D:10     | Noticed a two-headed ogre
 14022 | D:10     | Noticed a two-headed ogre
 14037 | D:10     | Killed a two-headed ogre
 14038 | D:10     | Reached skill level 13 in Spellcasting
 14046 | D:10     | Killed a two-headed ogre
 14047 | D:10     | Reached skill level 5 in Translocations
 14407 | D:10     | Reached XP level 11. HP: 54/54 MP: 18/30
 15444 | D:10     | Found a snail-covered altar of Cheibriados.
 15581 | D:11     | Found a staircase to the Lair.
 15872 | D:10     | Reached skill level 14 in Spellcasting
 16535 | D:11     | Learned a level 2 spell: Poisonous Vapours
 17030 | Lair:1   | Entered Level 1 of the Lair of Beasts
 17030 | Lair:1   | Noticed an oklob plant
 17030 | Lair:1   | Found a stormy altar of Qazlal.
 17054 | Lair:1   | Found a gate leading to a gauntlet.
 17082 | Gauntlet | Entered a Gauntlet
 17082 | Gauntlet | Found a transporter.
 17082 | Gauntlet | Found a transporter.
 17082 | Gauntlet | Found a transporter.
 17262 | Gauntlet | Found a transporter.
 17262 | Gauntlet | Found a transporter.
 17262 | Gauntlet | Found a transporter.
 17347 | Gauntlet | Found a transporter.
 17351 | Gauntlet | Found a transporter.
 17359 | Gauntlet | Noticed a green death
 17359 | Gauntlet | Noticed a wizard
 17361 | Gauntlet | Found a transporter.
 17383 | Gauntlet | Found a transporter.
 17383 | Gauntlet | Noticed an obsidian statue
 17389 | Gauntlet | Found a transporter.
 17392 | Gauntlet | Found a transporter.
 17392 | Gauntlet | Noticed a fire crab
 17536 | Gauntlet | Killed a fire crab
 17537 | Gauntlet | Reached skill level 15 in Hexes
 17539 | Gauntlet | Identified the +1 scale mail of a bazaar {Harm +Blink Int-5
                  | SInv}
 17664 | Gauntlet | Killed an obsidian statue
 17672 | Gauntlet | Identified the +5 cloak "Yblur" {rN++}
 17749 | Gauntlet | Identified the +3 scale mail of Resonance {Dex+2}
 17749 | Gauntlet | Noticed a minotaur
 17770 | Gauntlet | Killed a minotaur
 17973 | Lair:1   | Killed an oklob plant
 17974 | Lair:1   | Reached skill level 15 in Spellcasting
 18348 | Lair:1   | Found a runed translucent door.
 18349 | Lair:1   | Noticed a catoblepas
 18349 | Lair:1   | Noticed pkoi's ghost (journeyman DgAE)
 18548 | Lair:1   | Reached XP level 12. HP: 59/59 MP: 28/33
 19113 | Lair:2   | Learned a level 6 spell: Iron Shot
 19143 | Lair:2   | Reached skill level 1 in Earth Magic
 19143 | Lair:2   | Reached skill level 1 in Poison Magic
 19146 | Lair:2   | Reached skill level 1 in Air Magic
 19335 | Lair:2   | Found a staircase to the Shoals.
 20258 | Lair:2   | Reached skill level 5 in Earth Magic
 20446 | Lair:2   | Noticed a death yak
 20457 | Lair:2   | Killed a death yak
 20820 | Lair:2   | Noticed an anaconda
 20831 | Lair:2   | Killed an anaconda
 21655 | Lair:2   | Noticed a seven-headed hydra
 21655 | Lair:2   | Noticed an anaconda
 21981 | Lair:2   | Reached skill level 16 in Spellcasting
 22003 | Lair:2   | Killed a seven-headed hydra
 22039 | Lair:2   | Killed an anaconda
 22706 | Lair:3   | Reached XP level 13. HP: 63/63 MP: 30/35
 22711 | Lair:3   | Found a runed translucent gate.
 22711 | Lair:3   | Found a runed translucent gate.
 22711 | Lair:3   | Noticed reversiblehash's ghost (journeyman MiFi)
 22711 | Lair:3   | Noticed pkoi's ghost (journeyman DgGl)
 22713 | Lair:3   | Found a runed translucent gate.
 23378 | Lair:3   | Reached skill level 10 in Earth Magic
 23671 | Lair:3   | Found a hole to the Spider Nest.
 24763 | Lair:4   | Reached skill level 17 in Spellcasting
 26519 | Lair:5   | Reached skill level 18 in Spellcasting
 27780 | Lair:5   | Found a staircase to the Slime Pits.
 27781 | Lair:5   | Found a viscous altar of Jiyva.
 28628 | Slime:1  | Entered Level 1 of the Pits of Slime
 28632 | Slime:1  | Noticed a quicksilver ooze
 28785 | Lair:6   | Entered Level 6 of the Lair of Beasts
 28847 | Lair:6   | Reached XP level 14. HP: 68/68 MP: 10/38
 32255 | D:12     | Noticed Rupert
 32453 | D:12     | Reached skill level 1 in Armour
 32607 | D:12     | Killed Rupert
 32608 | D:12     | Reached skill level 19 in Spellcasting
 32610 | D:12     | Noticed Nessos
 32843 | D:12     | Noticed Erolcha
 32857 | D:12     | Killed Nessos
 32860 | D:12     | Killed Erolcha
 33059 | D:12     | Noticed Kirke
 33086 | D:12     | Killed Kirke
 33616 | D:12     | Reached skill level 5 in Dodging
 33724 | D:12     | Found Xesadin's Weapon Boutique.
 33724 | D:12     | Found a staircase to the Orcish Mines.
 33937 | D:12     | Found Koipt's Armour Boutique.
 33952 | D:12     | Bought a +0 pair of gloves for 72 gold pieces
 33999 | D:12     | Noticed Josephine
 34024 | D:12     | Killed Josephine
 34612 | D:12     | Identified the +1 plate armour of Light {-Tele rPois rN+
                  | Regen+}
 34752 | D:12     | Found an ancient bone altar of Kikubaaqudgha.
 35081 | D:12     | Reached skill level 1 in Shields
 35445 | Orc:1    | Entered Level 1 of the Orcish Mines
 35555 | Orc:1    | You fall into a shaft and drop 1 floor!
 35555 | Orc:2    | Entered Level 2 of the Orcish Mines
 35561 | Orc:2    | Found a staircase to the Elven Halls.
 35661 | Orc:1    | Found a large runed translucent door.
 35662 | Orc:1    | Found a large runed translucent door.
 35731 | Orc:1    | Noticed burt's ghost (journeyman DrCj)
 37404 | Orc:2    | Reached XP level 15. HP: 72/72 MP: 31/40
 38235 | Orc:2    | Found Beash's Jewellery Boutique.
 38235 | Orc:2    | Found Heinik's Weapon Shoppe.
 38237 | Orc:2    | Found Alupt's Armour Boutique.
 38237 | Orc:2    | Found Xunafopp's Assorted Antiques.
 38251 | Orc:2    | Bought a scroll of magic mapping for 98 gold pieces
 38251 | Orc:2    | Bought a transparent robe for 159 gold pieces
 38251 | Orc:2    | Identified the +1 robe of Entitlement {rPois rC+} (You
                  | bought it in a shop on level 2 of the Orcish Mines)
 38251 | Orc:2    | Bought a scroll of identify for 56 gold pieces
 38251 | Orc:2    | Bought a glowing robe for 103 gold pieces
 38265 | Orc:2    | Bought an amulet of reflection for 450 gold pieces
 38437 | Orc:1    | Killed burt's ghost
 38438 | Orc:1    | Reached skill level 1 in Fighting
 38745 | Spider:1 | Entered Level 1 of the Spider Nest
 38758 | Spider:1 | Noticed an emperor scorpion
 38765 | Spider:1 | Killed an emperor scorpion
 39094 | Spider:1 | Learned a level 4 spell: Flame Wave
 39698 | Spider:1 | Reached skill level 5 in Shields
 42933 | Spider:2 | Noticed Jorgrun
 43953 | Spider:2 | Reached skill level 20 in Spellcasting
 45049 | Spider:2 | Noticed Asterion
 45400 | Spider:3 | Reached XP level 16. HP: 80/80 MP: 1/42
 45844 | Spider:3 | Reached skill level 1 in Evocations
 47534 | Spider:3 | Learned a level 6 spell: Starburst
 47563 | Spider:4 | Entered Level 4 of the Spider Nest
 47596 | Spider:4 | Reached skill level 1 in Fire Magic
 47810 | Spider:4 | Noticed Bai Suzhen
 47815 | Spider:4 | Killed Bai Suzhen
 47854 | Spider:4 | Reached skill level 21 in Spellcasting
 49213 | Spider:4 | Reached skill level 22 in Spellcasting
 49433 | Spider:4 | Bought a scroll of teleportation for 36 gold pieces
 49433 | Spider:4 | Bought a potion of haste for 120 gold pieces
 49435 | Spider:4 | Bought a scroll of identify for 64 gold pieces
 49435 | Spider:4 | Bought a crystal rapier for 288 gold pieces
 49435 | Spider:4 | Identified the +8 rapier of the Jolly Seers {antimagic,
                  | rElec rPois Dex+2} (You bought it in a shop on level 4 of
                  | the Spider Nest)
 49435 | Spider:4 | Bought a scroll labelled BEEGUD BOUTOE for 32 gold pieces
 49635 | Spider:4 | Reached skill level 5 in Fire Magic
 50241 | Spider:4 | Reached XP level 17. HP: 83/84 MP: 1/45
 50726 | Spider:4 | Found the +3 pair of seven-league boots {Rampage+∞}
 50764 | Spider:4 | Got a gossamer rune of Zot
 51318 | Spider:2 | Reached skill level 15 in Earth Magic
 51424 | Spider:2 | Killed Asterion
 51433 | Spider:2 | Killed Jorgrun
 51982 | Shoals:1 | Entered Level 1 of the Shoals
 52595 | D:13     | Found a frozen archway.
 52618 | IceCv    | Entered an ice cave
 53964 | IceCv    | Identified the +2 ice dragon scales of Objectivity {rF-
                  | rC++ Str+3}
 55167 | D:14     | Noticed Urug
 55169 | D:14     | Killed Urug
 55537 | D:14     | Found a gate to the Vaults.
 55638 | D:14     | Learned a level 5 spell: Freezing Cloud
 55716 | D:14     | Reached skill level 15 in Conjurations
 56322 | D:15     | Entered Level 15 of the Dungeon
 56780 | D:15     | Found a bloodstained altar of Trog.
 56798 | D:15     | Identified the amulet "Hujouptu" {Reflect Will- Dex+4 SH+5}
 56829 | D:15     | Identified the +8 scythe of the Imperium {flame, Fragile
                  | Dex+4 SInv}
 57132 | D:15     | Found a staircase to the Depths.
 57478 | D:15     | Reached skill level 23 in Spellcasting
 57863 | Elf:1    | Entered Level 1 of the Elven Halls
 57863 | Elf:1    | Found a runed translucent gate.
 57863 | Elf:1    | Found a runed translucent gate.
 57863 | Elf:1    | Found a runed translucent gate.
 57863 | Elf:1    | Found a runed translucent gate.
 57863 | Elf:1    | Found a runed translucent gate.
 57863 | Elf:1    | Found a runed translucent gate.
 57864 | Elf:1    | Found a runed translucent door.
 57924 | Elf:1    | Found a runed translucent door.
 59184 | Elf:1    | Paralysed by an air elemental for 1 turns
 59187 | Elf:1    | Reached XP level 18. HP: 89/89 MP: 37/47
 60441 | Elf:1    | Found the necklace of Bloodlust {*Rage Will++ Int-3 Slay+6}
 60662 | Elf:1    | Bought Asmodeus's Reference Book on Flames for 768 gold
                  | pieces
 60662 | Elf:1    | Bought a manual of Dodging for 1280 gold pieces
 60662 | Elf:1    | Bought a book of Dangerous Friends for 640 gold pieces
 60670 | Elf:1    | Learned a level 7 spell: Orb of Destruction
 60678 | Elf:1    | Learned a level 7 spell: Spellforged Servitor
 60684 | Elf:1    | Learned a level 5 spell: Fireball
 60856 | Elf:2    | Reached skill level 1 in Summonings
 60908 | Elf:2    | Identified the +9 war axe of Geakk {venom, rElec rC++}
 61108 | Elf:2    | Found Neoc's Jewellery Shoppe.
 61108 | Elf:2    | Found Werastrewk's Book Boutique.
 61109 | Elf:2    | Found Vatiryw's Book Boutique.
 61119 | Elf:2    | Bought a book of Blasting for 416 gold pieces
 61119 | Elf:2    | Bought a book of Sloth for 468 gold pieces
 61128 | Elf:2    | Learned a level 5 spell: Lee's Rapid Deconstruction
 61135 | Elf:2    | Learned a level 6 spell: Statue Form
 61229 | Elf:2    | Paralysed by an air elemental for 1 turns
 61528 | Elf:2    | Found Unlaf's General Store.
 62332 | Elf:2    | Found a runed translucent gate.
 62332 | Elf:2    | Found a runed translucent gate.
 62340 | Elf:2    | Found a runed translucent gate.
 62509 | Elf:2    | Noticed Agnes
 62515 | Elf:2    | Killed Agnes
 62580 | Elf:2    | Reached skill level 10 in Fire Magic
 62606 | Elf:2    | Reached skill level 5 in Summonings
 62983 | Elf:2    | Noticed Azrael
 62995 | Elf:2    | Killed Azrael
 63614 | Elf:3    | Entered Level 3 of the Elven Halls
 63643 | Elf:3    | Found Ehouqelui's General Store.
 64156 | Elf:2    | Paralysed by an air elemental for 1 turns
 65260 | Elf:3    | Reached skill level 5 in Stealth
 65269 | Elf:3    | Reached skill level 10 in Dodging
 65378 | Elf:3    | Identified the +6 battleaxe of Virtue {freeze, Fly rC+
                  | Int+3}
 65378 | Elf:3    | Identified the ring of Free Will {Str+5 Int+6 Dex+4}
 65532 | Elf:3    | Identified the ring "Zemupie" {rC+ Int+6}
 65700 | Elf:3    | Reached XP level 19. HP: 93/93 MP: 28/48
 65917 | Elf:3    | Identified the +2 hat "Qutuirirr" {Rampage rF+ rCorr}
 65934 | Elf:3    | Identified the +3 mace of a volcano {vorpal, Str+3}
 66597 | Slime:1  | Gained mutation: Your body sometimes deteriorates upon
                  | taking damage. [a shining eye]
 66627 | Lair:5   | Lost mutation: Your body sometimes deteriorates upon taking
                  | damage. [potion of mutation]
 66627 | Lair:5   | Gained mutation: Your spells are a little harder to cast,
                  | but a little more powerful. [potion of mutation]
 66627 | Lair:5   | Lost mutation: Your spells are a little harder to cast, but
                  | a little more powerful. [potion of mutation]
 66627 | Lair:5   | Gained mutation: You are dopey. (Int -2) [potion of
                  | mutation]
 66628 | Lair:5   | Lost mutation: You are dopey. (Int -2) [potion of mutation]
 66628 | Lair:5   | Gained mutation: You occasionally shout uncontrollably at
                  | your foes. [potion of mutation]
 66628 | Lair:5   | Gained mutation: You are covered in fur. (AC +1) [potion of
                  | mutation]
 67767 | Slime:1  | Reached skill level 1 in Staves
 67771 | Slime:1  | Reached skill level 15 in Dodging
 68675 | Slime:3  | Paralysed by a floating eye for 2 turns
 69173 | Slime:3  | Reached skill level 24 in Spellcasting
 70640 | Slime:3  | Learned a level 8 spell: Ignition
 71147 | Slime:5  | Entered Level 5 of the Pits of Slime
 71306 | Slime:5  | Gained mutation: You sometimes lose the ability to read
                  | scrolls when taking damage. [a shining eye]
 71555 | Slime:4  | Lost mutation: You are covered in fur. (AC +1) [potion of
                  | mutation]
 71555 | Slime:4  | Lost mutation: You occasionally shout uncontrollably at
                  | your foes. [potion of mutation]
 71555 | Slime:4  | Lost mutation: You sometimes lose the ability to read
                  | scrolls when taking damage. [potion of mutation]
 71555 | Slime:4  | Gained mutation: You sometimes lose the ability to read
                  | scrolls when taking damage. [potion of mutation]
 71555 | Slime:4  | Gained mutation: You have a somewhat thin skeletal
                  | structure. (Dex +2, Stealth+) [potion of mutation]
 71556 | Slime:4  | Lost mutation: You have a somewhat thin skeletal structure.
                  | (Dex +2, Stealth+) [potion of mutation]
 71556 | Slime:4  | Lost mutation: You sometimes lose the ability to read
                  | scrolls when taking damage. [potion of mutation]
 71556 | Slime:4  | Gained mutation: You are partially covered in iridescent
                  | scales. (AC +2) [potion of mutation]
 71556 | Slime:4  | Gained mutation: Your spells are a little harder to cast,
                  | but a little more powerful. [potion of mutation]
 71556 | Slime:4  | Gained mutation: You have very sharp teeth. [potion of
                  | mutation]
 71570 | Slime:5  | Noticed the Royal Jelly
 71570 | Slime:5  | Gained mutation: You tend to lose your temper in combat. [a
                  | shining eye]
 71829 | Spider:4 | Bought a potion of mutation for 256 gold pieces
 71829 | Spider:4 | Bought a scroll of teleportation for 96 gold pieces
 71829 | Spider:4 | Lost mutation: You have very sharp teeth. [potion of
                  | mutation]
 71829 | Spider:4 | Lost mutation: You are partially covered in iridescent
                  | scales. (AC +2) [potion of mutation]
 71829 | Spider:4 | Gained mutation: You are robust. (+10% HP) [potion of
                  | mutation]
 71829 | Spider:4 | Gained mutation: Your body sometimes deteriorates upon
                  | taking damage. [potion of mutation]
 72043 | D:6      | Bought a potion of mutation for 120 gold pieces
 72043 | D:6      | Bought a potion of haste for 150 gold pieces
 72043 | D:6      | Lost mutation: Your spells are a little harder to cast, but
                  | a little more powerful. [potion of mutation]
 72043 | D:6      | Lost mutation: You tend to lose your temper in combat.
                  | [potion of mutation]
 72043 | D:6      | Lost mutation: You are robust. (+10% HP) [potion of
                  | mutation]
 72043 | D:6      | Gained mutation: Your system is resistant to poisons.
                  | (rPois) [potion of mutation]
 72043 | D:6      | Gained mutation: You are weak. (Str -2) [potion of
                  | mutation]
 72043 | D:6      | Gained mutation: You have sharp toenails. [potion of
                  | mutation]
 74139 | Shoals:2 | Identified the +3 flail of Cumunys {vorpal, Str+4 Int+4}
 74987 | Shoals:3 | Lost mutation: Your system is resistant to poisons. (rPois)
                  | [potion of mutation]
 74987 | Shoals:3 | Lost mutation: You have sharp toenails. [potion of
                  | mutation]
 74987 | Shoals:3 | Lost mutation: Your body sometimes deteriorates upon taking
                  | damage. [potion of mutation]
 74987 | Shoals:3 | Gained mutation: Your body sometimes deteriorates upon
                  | taking damage. [potion of mutation]
 74987 | Shoals:3 | Gained mutation: You possess an exceptional clarity of
                  | mind. [potion of mutation]
 75158 | Shoals:3 | Found a runed translucent door.
 75481 | Shoals:3 | Noticed Ilsuiw
 75483 | Shoals:3 | Reached XP level 20. HP: 98/98 MP: 38/50
 75491 | Shoals:3 | Killed Ilsuiw
 76699 | Shoals:4 | Entered Level 4 of the Shoals
 76740 | Shoals:4 | Noticed Nikola
 76849 | Shoals:4 | Killed Nikola
 76850 | Shoals:4 | Reached skill level 15 in Fire Magic
 78051 | Shoals:4 | Reached skill level 25 in Spellcasting
 78566 | Shoals:4 | Got a barnacled rune of Zot
 79235 | Slime:4  | Gained mutation: You occasionally shout uncontrollably at
                  | your foes. [a shining eye]
 79237 | Slime:4  | Lost mutation: You are weak. (Str -2) [a shining eye]
 79493 | Slime:3  | Found a viscous altar of Jiyva.
 80620 | Slime:5  | Gained mutation: Your body often deteriorates upon taking
                  | damage. [a shining eye]
 80632 | Slime:5  | Killed the Royal Jelly
 81044 | Slime:5  | Identified the +5 hand axe of the Walnut {flame, rC+}
 81048 | Slime:5  | Got the Collected Works on Illusion and Transmigration
 81075 | Slime:5  | Identified the ring of Quepsuhe {Str+6 Slay+3}
 81081 | Slime:5  | Identified the +1 robe of Toothy Miracles {Str+3}
 81118 | Slime:5  | Identified the +7 broad axe "Dant" {vamp, Fly rElec Int-5}
 81151 | Slime:5  | Identified the ring "Dyhapej" {Ice rPois Int+2}
 81184 | Slime:5  | Got a slimy rune of Zot
 81223 | Slime:5  | Lost mutation: You occasionally shout uncontrollably at
                  | your foes. [potion of mutation]
 81223 | Slime:5  | Lost mutation: Your body often deteriorates upon taking
                  | damage. [potion of mutation]
 81223 | Slime:5  | Gained mutation: You are dopey. (Int -2) [potion of
                  | mutation]
 81223 | Slime:5  | Gained mutation: You are very dopey. (Int -4) [potion of
                  | mutation]
 81223 | Slime:5  | Gained mutation: You are strong-willed. (Will+) [potion of
                  | mutation]
 81285 | Slime:5  | Lost mutation: You are strong-willed. (Will+) [potion of
                  | mutation]
 81285 | Slime:5  | Lost mutation: Your body sometimes deteriorates upon taking
                  | damage. [potion of mutation]
 81285 | Slime:5  | Lost mutation: You are very dopey. (Int -4) [potion of
                  | mutation]
 81285 | Slime:5  | Gained mutation: You are clumsy. (Dex -2) [potion of
                  | mutation]
 81285 | Slime:5  | Gained mutation: You occasionally shout uncontrollably at
                  | your foes. [potion of mutation]
 81285 | Slime:5  | Gained mutation: Your system is resistant to poisons.
                  | (rPois) [potion of mutation]
 81778 | Slime:5  | Acquired 826 gold pieces
 81929 | Slime:4  | HP: 1/127 [acid (24)]
 82557 | Vaults:1 | Entered Level 1 of the Vaults
 84690 | Vaults:1 | Reached XP level 21. HP: 103/103 MP: 11/52
 85826 | Vaults:2 | Reached skill level 26 in Spellcasting
 85875 | Vaults:2 | Found a flickering gateway to a bazaar.
 85891 | Bazaar   | Entered a bazaar
 85891 | Bazaar   | Found Jotzudwo's Antique Weapon Emporium.
 85900 | Bazaar   | Found Moziesk's General Store.
 85912 | Bazaar   | Bought a wand of acid (3) for 112 gold pieces
 85912 | Bazaar   | Found Pumut's Jewellery Shop.
 85937 | Bazaar   | Found Newil's Antique Armour Boutique.
 85948 | Bazaar   | Bought a smelly ring mail for 198 gold pieces
 85948 | Bazaar   | Identified the +4 ring mail of Repulsion {Int+7 Slay+3}
                  | (You bought it in a shop in a bazaar)
 85948 | Bazaar   | Bought an embroidered robe for 81 gold pieces
 85948 | Bazaar   | Found Qiluw's Distillery.
 85956 | Bazaar   | Bought a potion of mutation for 136 gold pieces
 85956 | Bazaar   | Bought a potion of mutation for 136 gold pieces
 85956 | Bazaar   | Bought a potion of mutation for 136 gold pieces
 85956 | Bazaar   | Bought a potion of heal wounds for 85 gold pieces
 85956 | Bazaar   | Bought 2 potions of curing for 102 gold pieces
 85956 | Bazaar   | Bought a potion of curing for 51 gold pieces
 85971 | Bazaar   | Bought an ichor-stained war axe for 255 gold pieces
 85971 | Bazaar   | Identified the +5 war axe "Pissa" {spect, Int+4} (You
                  | bought it in a shop in a bazaar)
 86037 | Bazaar   | Lost mutation: You are dopey. (Int -2) [potion of mutation]
 86037 | Bazaar   | Lost mutation: You possess an exceptional clarity of mind.
                  | [potion of mutation]
 86037 | Bazaar   | Gained mutation: You have supernaturally acute eyesight.
                  | (SInv) [potion of mutation]
 86091 | Vaults:2 | Found a crumbling gateway.
 86100 | Desolati | Entered the Desolation of Salt
 86290 | Desolati | Identified the +8 scimitar "Hatuzy" {vorpal, Contam rN+
                  | Str+3}
 86789 | Desolati | Reached skill level 27 in Spellcasting
 86794 | Desolati | Identified the +7 long sword "Gegiph" {vorpal, rF+ Stlth+}
 87400 | Desolati | Identified the amulet "Zaem" {RegenMP Will+ rCorr Str-2}
 87420 | Desolati | Identified the +8 shortbow "Paunnuwo" {speed, rElec rF-
                  | rN+++}
 87511 | Desolati | Got the Catalogue of Beguiling and Moulding
 87683 | Desolati | Got the Compendium of Bewitching Translocation
 87706 | Desolati | Got Ynijol's Disquisition on Destructive Calling
 88706 | Vaults:2 | Noticed Aizul
 88720 | Vaults:2 | Killed Aizul
 89133 | Vaults:2 | Noticed Xtahua
 89142 | Vaults:2 | Killed Xtahua
 89476 | Vaults:3 | Identified the +3 robe "Arirer" {Harm rElec Int+4 Dex+2}
 89722 | Vaults:3 | Reached XP level 22. HP: 108/108 MP: 14/55
 90004 | Vaults:3 | Identified the +2 arbalest of the Glowing Sybil {vorpal,
                  | Int+5 SInv}
 90023 | Vaults:3 | Reached skill level 5 in Armour
 90468 | Vaults:3 | Found a staircase to the Crypt.
 92649 | Vaults:5 | Entered Level 5 of the Vaults
 92649 | Vaults:5 | Noticed Margery
 92651 | Vaults:5 | Killed Margery
 92652 | Vaults:5 | Noticed a dread lich
 92659 | Vaults:5 | Killed a dread lich
 93172 | Vaults:5 | Noticed Jory
 93183 | Vaults:5 | Reached XP level 23. HP: 73/112 MP: 5/56
 93186 | Vaults:5 | Killed Jory
 95765 | Vaults:5 | Got a silver rune of Zot
 96375 | Crypt:1  | Entered Level 1 of the Crypt
 96745 | Crypt:1  | Learned a level 5 spell: Metabolic Englaciation
 96884 | Crypt:1  | Reached skill level 1 in Ice Magic
 97317 | Crypt:1  | Identified the +7 hand axe of Ragipoqi {flame, Stlth+}
 97328 | Crypt:1  | Reached skill level 5 in Ice Magic
 98296 | Crypt:2  | Noticed an ancient lich
 98300 | Crypt:2  | Killed an ancient lich
 98901 | Crypt:2  | Reached skill level 10 in Ice Magic
 99079 | Crypt:3  | Entered Level 3 of the Crypt
 99079 | Crypt:3  | Found a staircase to the Tomb.
 99297 | Crypt:3  | Reached XP level 24. HP: 116/116 MP: 42/56
 99403 | Crypt:3  | Learned a level 5 spell: Iskenderun's Battlesphere
 99635 | Crypt:3  | Learned a level 9 spell: Polar Vortex
 99703 | Crypt:3  | Found a basalt altar of Yredelemnul.
 99966 | Crypt:3  | Found an ancient bone altar of Kikubaaqudgha.
 99992 | Crypt:3  | Identified the amulet of Trepidation {*Corrode Fly rF+
                  | Regen+}
 99992 | Crypt:3  | Identified the ring "Toesieff" {rN+ Str+3}
 99992 | Crypt:3  | Identified the ring "Imu Daot" {rF+ rC- rN+ Str+3}
100033 | Crypt:3  | Noticed a dread lich
100041 | Crypt:3  | Killed a dread lich
100953 | Crypt:3  | Reached skill level 15 in Ice Magic
101341 | Tomb:1   | Entered Level 1 of the Tomb of the Ancients
102337 | Tomb:1   | Noticed a royal mummy
102342 | Tomb:1   | Killed a royal mummy
103665 | Depths:1 | Entered Level 1 of the Depths
103849 | Lair:1   | Killed pkoi's ghost
103959 | Lair:3   | Killed reversiblehash's ghost
103960 | Lair:3   | Killed pkoi's ghost
104591 | Depths:1 | Found an ornate altar of the Wu Jian Council.
104906 | Depths:1 | Found a one-way gate leading to the halls of Pandemonium.
105198 | Depths:1 | Learned a level 5 spell: Freezing Cloud
105599 | Depths:1 | Reached XP level 25. HP: 126/126 MP: 31/56
105616 | Depths:1 | Identified the +1 scale mail of the Arcane {rF+ rC+}
106094 | Depths:1 | Found a gateway to Hell.
106176 | Depths:1 | Bought a scroll of teleportation for 66 gold pieces
106176 | Depths:1 | Bought a potion of brilliance for 88 gold pieces
106178 | Depths:1 | Bought a scroll of magic mapping for 38 gold pieces
106178 | Depths:1 | Bought a scroll of enchant armour for 82 gold pieces
106178 | Depths:1 | Bought a scroll of teleportation for 33 gold pieces
106178 | Depths:1 | Bought a scroll of magic mapping for 38 gold pieces
106289 | Depths:1 | Noticed Mara
106294 | Depths:1 | Noticed joshe's illusion
106304 | Depths:1 | Killed Mara
106734 | Depths:2 | Noticed a juggernaut
106745 | Depths:2 | Killed a juggernaut
106929 | Depths:2 | Found a runed translucent gate.
106933 | Depths:2 | Noticed Ipusur's ghost (veteran MiFi)
106940 | Depths:2 | Found a runed translucent gate.
106940 | Depths:2 | Found a runed translucent gate.
107104 | Depths:2 | Found a one-way gate to the infinite horrors of the Abyss.
107158 | Depths:2 | Found Laygi's Antique Weapon Boutique.
107651 | Depths:2 | Found a one-way gateway to a ziggurat.
108747 | Depths:2 | Identified the +8 hand axe "Killer Bee's Curse" {freeze,
                  | +Blink Dex+7}
108760 | Depths:2 | Acquired 854 gold pieces
108933 | Depths:2 | Killed Ipusur's ghost
109271 | Depths:3 | Reached skill level 10 in Armour
110086 | Depths:3 | Noticed Boris
110090 | Depths:3 | Killed Boris
110431 | Elf:2    | Bought the Grimoire of the Volcanoes for 456 gold pieces
110442 | Elf:2    | Learned a level 9 spell: Fire Storm
111119 | Hell     | Entered the Vestibule of Hell
111119 | Hell     | Noticed Geryon
111123 | Hell     | Killed Geryon
111659 | Hell     | Reached XP level 26. HP: 131/131 MP: 39/56
111872 | Hell     | Found a gateway to the freezing wastes of Cocytus.
111991 | Hell     | Found a gateway to the Iron City of Dis.
112032 | Hell     | Found a gateway to the ashen valley of Gehenna.
112077 | Hell     | Found a gateway to the decaying netherworld of Tartarus.
112252 | Depths:4 | Entered Level 4 of the Depths
112985 | Depths:4 | Found a gate to the Realm of Zot.
113540 | Zot:1    | Entered Level 1 of the Realm of Zot
113540 | Zot:1    | Noticed an orb of fire
113803 | Zot:1    | Gained mutation: You frequently scream uncontrollably at
                  | your foes. [an orb of fire]
113804 | Zot:1    | Killed an orb of fire
114182 | Zot:1    | Bought a scroll of amnesia for 56 gold pieces
114185 | Zot:1    | Bought a scroll of magic mapping for 49 gold pieces
114185 | Zot:1    | Bought a scroll of fear for 49 gold pieces
114185 | Zot:1    | Bought a scroll of amnesia for 49 gold pieces
114185 | Zot:1    | Bought a scroll of fear for 49 gold pieces
114185 | Zot:1    | Bought a scroll of summoning for 133 gold pieces
114194 | Zot:1    | Bought a scroll of summoning for 171 gold pieces
114194 | Zot:1    | Bought a scroll of summoning for 171 gold pieces
114194 | Zot:1    | Bought a scroll of enchant armour for 135 gold pieces
114194 | Zot:1    | Bought a scroll of summoning for 171 gold pieces
114194 | Zot:1    | Bought a scroll of fear for 63 gold pieces
114217 | Zot:1    | Bought the ring of the Tortoise {AC+8} for 1536 gold pieces
114217 | Zot:1    | Found the ring of the Tortoise {AC+8}
114287 | Zot:1    | Found a runed translucent gate.
114287 | Zot:1    | Found a runed translucent gate.
114289 | Zot:1    | Found a runed translucent gate.
114335 | Zot:1    | Noticed joshe's ghost (master OgTm)
114397 | Zot:1    | Killed joshe's ghost
116688 | Zot:2    | Reached XP level 27. HP: 135/135 MP: 20/56
117223 | Zot:2    | Noticed an orb of fire
117227 | Zot:2    | Killed an orb of fire
118358 | Zot:3    | Noticed an orb of fire
118373 | Zot:3    | Killed an orb of fire
120985 | Zot:5    | Entered Level 5 of the Realm of Zot
121411 | Zot:5    | Reached skill level 5 in Fighting
121646 | Zot:5    | Noticed an orb of fire
121648 | Zot:5    | Noticed an orb of fire
121652 | Zot:5    | Noticed an orb of fire
121653 | Zot:5    | Gained mutation: You are frail. (-10% HP) [an orb of fire]
121655 | Zot:5    | Gained mutation: You are occasionally teleported next to
                  | monsters. [an orb of fire]
121658 | Zot:5    | Killed an orb of fire
121659 | Zot:5    | Gained mutation: You sometimes lose the ability to read
                  | scrolls when taking damage. [an orb of fire]
121659 | Zot:5    | Gained mutation: You tend to lose your temper in combat.
                  | [an orb of fire]
121660 | Zot:5    | Killed an orb of fire
121663 | Zot:5    | Killed an orb of fire
121904 | Zot:5    | Noticed a dread lich
121908 | Zot:5    | Killed a dread lich
121957 | Zot:5    | Lost mutation: You tend to lose your temper in combat.
                  | [potion of mutation]
121957 | Zot:5    | Lost mutation: You are occasionally teleported next to
                  | monsters. [potion of mutation]
121957 | Zot:5    | Gained mutation: Your flesh is heat resistant. (rF+)
                  | [potion of mutation]
121957 | Zot:5    | Lost mutation: Your system is resistant to poisons. (rPois)
                  | [potion of mutation]
121957 | Zot:5    | Gained mutation: Your magical capacity is low. (-10% MP)
                  | [potion of mutation]
122041 | Zot:5    | Lost mutation: You are clumsy. (Dex -2) [potion of
                  | mutation]
122041 | Zot:5    | Lost mutation: You are frail. (-10% HP) [potion of
                  | mutation]
122041 | Zot:5    | Lost mutation: Your flesh is heat resistant. (rF+) [potion
                  | of mutation]
122041 | Zot:5    | Gained mutation: You are weak. (Str -2) [potion of
                  | mutation]
122042 | Zot:5    | Lost mutation: Your magical capacity is low. (-10% MP)
                  | [potion of mutation]
122042 | Zot:5    | Lost mutation: You have supernaturally acute eyesight.
                  | (SInv) [potion of mutation]
122042 | Zot:5    | Lost mutation: You sometimes lose the ability to read
                  | scrolls when taking damage. [potion of mutation]
122042 | Zot:5    | Gained mutation: You have a pair of small antennae on your
                  | head. [potion of mutation]
122678 | Zot:5    | Gained mutation: You are clumsy. (Dex -2) [mutagenic glow]
122685 | Zot:5    | Gained mutation: You are frail. (-10% HP) [mutagenic glow]
122701 | Zot:5    | Gained mutation: You are occasionally teleported next to
                  | monsters. [mutagenic glow]
122799 | Zot:5    | Noticed an orb of fire
122810 | Zot:5    | Killed an orb of fire
122818 | Zot:5    | Lost mutation: You have a pair of small antennae on your
                  | head. [potion of mutation]
122818 | Zot:5    | Lost mutation: You frequently scream uncontrollably at your
                  | foes. [potion of mutation]
122818 | Zot:5    | Lost mutation: You are clumsy. (Dex -2) [potion of
                  | mutation]
122818 | Zot:5    | Gained mutation: Your mind is acute. (Int +2) [potion of
                  | mutation]
122818 | Zot:5    | Gained mutation: You have a pair of small horns on your
                  | head. [potion of mutation]
122957 | Zot:5    | Noticed a dread lich
122958 | Zot:5    | Paralysed by a dread lich for 2 turns
122964 | Zot:5    | Killed a dread lich
122984 | Zot:5    | Noticed a dread lich
123012 | Zot:5    | Killed a dread lich
123059 | Zot:5    | Noticed an orb of fire
123060 | Zot:5    | Noticed an orb of fire
123065 | Zot:5    | Killed an orb of fire
123066 | Zot:5    | Killed an orb of fire
124038 | Geh:1    | Entered Level 1 of Gehenna
124103 | Geh:2    | HP: 6/134 [hell hog/fireball (14)]
124103 | Geh:2    | Mangled by a fire giant

Illustrated notes

Levels and vault maps discovered:
D:1:      minmay_arrival_stair_chambers, layout_basic
D:2:      layout_loops_ring, basic_altar, ebering_ecumenical_altar_mist,
          minivault_19, nrook_uturn
D:3:      layout_basic
D:4:      layout_basic, guppyfry_early_lair_pool, uniq_blork_the_orc
D:5:      layout_basic, minmay_temple_entry_offerings,
          nicolae_shop_sticking_my_neck_out
D:6:      layout_rooms, serial_shops, nicolae_shop_behind_doors,
          nicolae_stop_n_shop_2, shop, nicolae_shop_advertising_works
          [nicolae_subvault_shop_adworks]
D:7:      layout_cave_pools, mainiacjoe_overflow_large_starburst, serial_shops,
          nicolae_inconvenience_store, nicolae_lakefront_shop, shop,
          nicolae_shop_bloodbath_and_beyond, minmay_hollow_rounded_squares
D:8:      layout_basic, nicolae_dithmenos_the_darkroom,
          nicolae_overflow_crystal_walls
D:9:      dragon1_lemuel, layout_gridville, serial_shops, nicolae_diamond_shop
D:10:     layout_loops_cross, slow_altar_2
D:11:     layout_cave_pools, minmay_lair_entry_grove, grunt_decor_mini_mirrors
D:12:     wander_kiku_kobolds, layout_basic, orc_david_3, uniq_josephine,
          uniq_kirke, uniq_rupert, uniq_erolcha, uniq_nessos
D:13:     layout_basic, portal_ice_cave_entry_imps
D:14:     layout_loops_cross, david_vaults_3, chequers_mini_garden
D:15:     hangedman_depths_entry_civil_slaughter, layout_basic, serial_undead,
          serial_undead_d, serial_undead_c, serial_undead_d, serial_undead_e,
          trog_three_pillars_becter
Temple:   minmay_crystal_spiral_temple
Lair:1:   layout_long_grid, ebering_ghost_inner_flame, gauntlet_entry_generic,
          lemuel_oklob_altar, serial_bayou_shore_b
Lair:2:   layout_loops_ring, shoals_dummy_entry, st_stairs_7, minivault_11,
          nicolae_lair_lakeside_cave
Lair:3:   layout_cave_shapes, spider_nest_entry_rubble,
          gammafunk_ghost_cemetery, beast_lair_carwin_11, serial_bayou_shore_a,
          infiniplex_staircase_pool_2
Lair:4:   layout_regular_city
Lair:5:   layout_regular_city, slime_altar_1
Lair:6:   grunt_lair_end_beastmaster, layout_regular_city, dpeg_oklob_1
Shoals:1: layout_shoals
Shoals:2: layout_shoals, nicolae_shoals_hunting_party
Shoals:3: layout_shoals, lightli_airlock, uniq_ilsuiw
Shoals:4: shoals_end_simple, layout_shoals, uniq_nikola
Spider:1: layout_spider_delve, hangedman_spider_tarantella_strand
Spider:2: layout_spider_delve, uniq_asterion, uniq_jorgrun
Spider:3: layout_spider_delve, hangedman_stitches_earthworm
Spider:4: grunt_spider_rune_parallel, einodemon_crawler_minivault,
          uniq_bai_suzhen
Slime:1:  layout_caves
Slime:2:  layout_caves
Slime:3:  layout_caves, basic_altar
Slime:4:  layout_caves
Slime:5
Orc:1:    layout_caves, ebering_ghost_disaster_area
Orc:2:    grunt_orc_tribal_feast, layout_diamond_mine
Elf:1:    nicolae_elf_arrival_dilemma, layout_onion_city, evilmike_minifort
Elf:2:    elven_hall_of_blades_hangedman_original
          [nicolae_blade_entry_pointy_end], layout_loops_cross, serial_shops,
          nicolae_stop_n_shop_1, grunt_megastairs_3, minmay_shop_grove,
          uniq_agnes, uniq_azrael
Elf:3:    elf_hall_gauntlet_wide, layout_geoelf_castle, serial_shops,
          nicolae_shop_waterfront
Vaults:1: nicolae_vaults_diagonal_hallway_6, nicolae_vaults_little_ls,
          ontoclasm_vaults_eye, nicolae_vaults_hallways_thing,
          vaults_dpeg_hooks, v_alt_pattern_5, vaults_room_grunt_arrival_ludios,
          vaults_room_fours, v_misc_4, layout_vaults_ring
Vaults:2: portal_desolation_entry_ruin, v_misc_1, ontoclasm_vaults_chip,
          nicolae_vaults_diagonal_hallway_7, v_pattern_1, grunt_vaults_focal,
          nicolae_vaults_alarming, v_alt_pattern_3, hangedman_vaults_snaps,
          vaults_room_corners, nicolae_vaults_theta, layout_vaults_omnicross,
          serial_shops, bzr_entry_safe, uniq_xtahua, uniq_aizul
Vaults:3: ontoclasm_vaults_ligature, vaults_room_pools, v_pattern_3,
          hangedman_vaults_trim, minmay_crypt_entry_simple_walls,
          vaults_dpeg_spiral, nicolae_vaults_yaktaur_gun_rack, v_misc_14,
          grunt_vaults_twisty, nicolae_vaults_network_s, grunt_vaults_diagonal,
          layout_vaults_maze_snakey
Vaults:4: vaults_dpeg_encased_lava, ontoclasm_vaults_twist, v_misc_13,
          v_misc_14, hangedman_vaults_stretched_pinwheel,
          nicolae_vaults_specimen_jars, v_alt_pattern_6, v_misc_1,
          hangedman_vaults_capsules, layout_vaults_quadrants
Vaults:5: uniq_margery, uniq_jory
Crypt:1:  minmay_skeleton_keep, layout_gridlike
Crypt:2:  layout_basic, wad_floor_pattern_untrapped
Crypt:3:  church_of_pain_bobbens, layout_chaotic_city, basic_altar
Tomb:1
Depths:1: layout_honeycomb, nzn_wu_jian_council_hall,
          grunt_hell_entry_demonic_statue, rand_demon_pan_entry_1,
          kennysheep_path_1, dispersion_dpeg, uniq_mara
Depths:2: minmay_nested_s, layout_long_grid, enter_ziggurat_b, serial_shops,
          nicolae_take_the_stairs, abyss_entry, glass_columns_a,
          rand_demon_pan_entry_8, gammafunk_ghost_split, hangedman_geh_valley
Depths:3: hourglass_vault, layout_basic, abyss_entry_crystal,
          serial_corexii_hall, corexii_hall_statues_t, corexii_hall_statues_l,
          chequers_hall_statues_y, corexii_hall_statues_i, hell_entry,
          uniq_boris
Depths:4: grunt_zot_entry_bicorn, layout_long_grid, grunt_hell_entry_dis_grunt
Hell
Geh:1:    layout_gehenna_lava_caves
Geh:2:    nicolae_geh_realm_of_the_lava_sea
Zot:1:    lemuel_acid_trip, layout_cathedral_of_symmetry, gammafunk_ghost_ooze,
          st_small_dragon_hoard_1
Zot:2:    infiniplex_zot_generator, layout_onion, lemuel_golem_globe
Zot:3:    grunt_deathspiral_small, layout_onion
Zot:4:    kennysheep_ambush_hall, layout_basic, grunt_ministairs_10
Zot:5:    layout_twisted_circle

Skill      XL: |  1  2  3  4  5  6  7  8  9 10 11 12 13 14 15 16 17 18 19 20 21 22 23 24 25 26 27 |
---------------+----------------------------------------------------------------------------------+-----
Conjurations   | 5 6 7 8 9 10 12 13 14 15 16 18 19 20 21 24 26 | 26.0
Spellcasting   | 4 5 6 8 11 13 15 16 18 19 20 22 23 24 25 27 | 27.0
Hexes          | 3 4 5 6 8 10 12 15 17 | 17.0
Translocations | 3 4 5 6 |  6.0
Dodging        | 4 6 8 12 17 19 | 19.0
Stealth        | 3 6 |  6.0
Earth Magic    | 8 11 12 13 14 16 17 18 19 23 | 23.7
Poison Magic   | 2 |  2.0
Air Magic      | 2 |  2.0
Armour         | 4 7 11 | 11.0
Shields        | 3 6 |  6.0
Fighting       | 2 4 9 |  9.1
Evocations     | 3 |  3.0
Fire Magic     | 6 8 10 14 16 18 19 21 | 21.1
Summonings     | 8 |  8.0
Staves         | 4 |  4.0
Ice Magic      | 11 18 21 | 21.0

Action                   |  1- 3 |  4- 6 |  7- 9 | 10-12 | 13-15 | 16-18 | 19-21 | 22-24 | 25-27 || total
-------------------------+-------+-------+-------+-------+-------+-------+-------+-------+-------++-------
Melee: Rapier            |       |       |       |     2 |     3 |       |       |       |       ||     5
       Staff             |       |       |       |       |     5 |    11 |    64 |     2 |     8 ||    90
       Headbutt          |       |       |       |       |       |       |       |       |     1 ||     1
 Cast: Magic Dart        |    68 |    44 |    16 |    19 |    64 |    13 |     2 |    10 |     6 ||   242
       Searing Ray       |    11 |    20 |    23 |    16 |    27 |    21 |    11 |     1 |       ||   130
       Fulminant Prism   |       |    11 |    63 |   168 |   311 |   229 |    31 |     7 |    37 ||   857
       Iskenderun's Myst |       |       |    26 |    69 |    48 |    83 |    48 |    58 |    50 ||   382
       Blink             |       |       |       |     7 |     4 |     9 |     1 |     5 |     3 ||    29
       Iron Shot         |       |       |       |     5 |   180 |   211 |   155 |   166 |   226 ||   943
       Poisonous Vapours |       |       |       |     1 |    35 |     7 |       |       |       ||    43
       Flame Wave        |       |       |       |       |       |     1 |     9 |       |       ||    10
       Starburst         |       |       |       |       |       |     1 |       |       |       ||     1
       Spellforged Servi |       |       |       |       |       |    29 |    88 |    87 |    50 ||   254
       Lee's Rapid Decon |       |       |       |       |       |    29 |    88 |   127 |    92 ||   336
       Orb of Destructio |       |       |       |       |       |    14 |    57 |    46 |    53 ||   170
       Statue Form       |       |       |       |       |       |     8 |    92 |    88 |    81 ||   269
       Freezing Cloud    |       |       |       |       |       |     8 |     6 |     1 |    11 ||    26
       Fireball          |       |       |       |       |       |     3 |    87 |    42 |    31 ||   163
       Ignition          |       |       |       |       |       |       |    47 |    76 |    25 ||   148
       Iskenderun's Batt |       |       |       |       |       |       |       |    12 |    30 ||    42
       Polar Vortex      |       |       |       |       |       |       |       |       |    55 ||    55
       Fire Storm        |       |       |       |       |       |       |       |       |    61 ||    61
Invok: Potion Petition   |       |       |       |       |       |     7 |     3 |     3 |     7 ||    20
       Call Merchant     |       |       |       |       |       |     3 |       |       |     6 ||     9
 Abil: End Transformatio |       |       |       |       |       |       |     2 |     1 |     1 ||     4
Evoke: Wand              |       |       |     1 |     4 |    18 |     5 |     3 |     4 |     8 ||    43
       Box of beasts     |       |       |       |     1 |     1 |     1 |     1 |     2 |       ||     6
       Condenser vane    |       |       |       |     1 |     1 |     2 |       |     1 |       ||     5
       Phantom mirror    |       |       |       |       |       |       |     1 |     2 |       ||     3
       Lightning rod     |       |       |       |       |       |       |       |       |     3 ||     3
       Phial of floods   |       |       |       |       |       |       |       |       |     1 ||     1
  Use: Scroll            |       |     2 |     8 |     7 |    13 |    14 |     3 |     8 |     9 ||    64
       Potion            |       |       |     6 |     4 |     4 |    10 |    19 |    10 |    13 ||    66
 Stab: Distracted        |       |       |       |       |       |       |     1 |       |     1 ||     2
Armor: Robe              |     2 |       |    12 |     5 |    14 |    32 |     9 |       |       ||    74
       Skin              |       |       |    32 |       |       |     5 |   112 |   118 |   126 ||   393
       Swamp dragon scal |       |       |       |       |     7 |       |       |       |       ||     7
       Ring mail         |       |       |       |       |       |       |     1 |    14 |    30 ||    45
Dodge: Dodged            |     7 |     2 |    42 |    45 |    38 |    82 |   217 |   176 |   279 ||   888
Block: Buckler           |       |       |       |       |    30 |    71 |   178 |    92 |    91 ||   462
       Reflection        |       |       |       |       |       |    18 |    29 |     8 |       ||    55
